 Dungeon Crawl Stone Soup version 0.22-a0-467-g5c5de1c (webtiles) character file.

126 Gospel the Magician (level 4, -4/30 HPs)
             Began as a Mummy Wizard on June 10, 2018.
             Killed from afar by an orc wizard (9 damage)
             ... with a magic dart
             ... on level 3 of the Dungeon.
             The game lasted 00:10:04 (3776 turns).

Gospel the Magician (Mummy Wizard)                  Turns: 3776, Time: 00:10:05

Health: -4/30      AC:  2    Str: 14    XL:     4   Next: 84%
Magic:  1/11       EV: 12    Int: 18    God:
Gold:   51         SH:  0    Dex: 10    Spells: 4/13 levels left

rFire    x . .     SeeInvis .   j - -2 halberd (curse)
rCold    + . .     Gourm    +   (shield currently unavailable)
rNeg     + + +     Faith    .   a - +0 robe
rPois    ∞         Spirit   .   b - +0 hat
rElec    .         Reflect  .   (no cloak)
rCorr    .         Harm     .   (no gloves)
MR       .....                  (no boots)
Stlth    ++........             f - amulet of the gourmand
HPRegen  0.10/turn              c - ring of flight
MPRegen  0.12/turn              e - +4 ring of strength

@: no status effects
A: no food or potions, fire vulnerability, cold resistance 1, negative energy
resistance 3, torment resistance, unbreathing
a: Evoke Flight


You were on level 3 of the Dungeon.
You were not hungry.

You visited 1 branch of the dungeon, and saw 3 of its levels.

You collected 51 gold pieces.

Inventory:

Hand Weapons
 i - a +0 spear
 j - a cursed -2 halberd (weapon)
 k - a +1 dagger of protection
 l - a +0 hunting sling
 n - a +1 whip of venom
 o - a +5 halberd of venom
Missiles
 g - 36 stones (quivered)
Armour
 a - a +0 robe (worn)
 b - a +0 hat (worn)
Jewellery
 c - a ring of flight (left hand)
 d - an uncursed ring of ice
 e - a +4 ring of strength (right hand)
 f - an amulet of the gourmand (around neck)


   Skills:
 + Level 0.1 Fighting
 + Level 0.1 Polearms
 - Level 1.5 Dodging
 - Level 1.5 Stealth
 - Level 5.0 Spellcasting
 + Level 2.1 Conjurations
   Level 0.7 Summonings
 - Level 0.7 Translocations
 - Level 1.0 Fire Magic
 - Level 1.1 Air Magic
 - Level 1.1 Poison Magic


You had 4 spell levels left.
You knew the following spells:

 Your Spells              Type           Power        Failure   Level  Hunger
a - Magic Dart            Conj           ##..         5%          1    N/A
b - Blink                 Tloc           N/A          16%         2    N/A
c - Conjure Flame         Conj/Fire      ##......     21%         3    N/A
d - Mephitic Cloud        Conj/Pois/Air  #.......     22%         3    N/A

Your spell library contained the following spells:

 Spells                   Type           Power        Failure   Level  Hunger
 Slow                     Hex            #.......     21%         2    N/A
 Call Imp                 Summ           #.......     16%         2    N/A

Dungeon Overview and Level Annotations

Branches:
Dungeon (3/15)

Altars:


Innate Abilities, Weirdness & Mutations

You do not eat or drink.
Your flesh is vulnerable to fire.
You are immune to poison.
Your flesh is cold resistant. (rC+)
You are immune to negative energy. (rN+++)
You are immune to unholy pain and torment.
You can survive without breathing.


Message History

The adder bites you.
The orc closely misses the orc.
You slash the orc!
You kill the orc!
The adder closely misses you. x2
You hit the orc.
The orc is heavily wounded.
The adder barely misses you. The orc closely misses you. The adder bites you.
Okay, then.
As you read the scroll labeled WUN REMUAMAWK, it crumbles to dust.
You hear a crunching sound.
It was a scroll of random uselessness.
The adder barely misses you. The orc wizard hits you with a dagger.
The adder bites you.
You barely miss the orc wizard. The adder misses you.
The orc wizard gestures at you while chanting.
The magic dart hits you! The adder misses you.
You miss the adder. The orc wizard hits you with a dagger. The adder bites you.
* * * LOW HITPOINT WARNING * * *
The orc wizard gestures at you while chanting.
The magic dart hits you!
You die...

... ... #.# ..
#.# # #.## #.# #.
..# #(#
####.####.####.#
....[.......##S#
..o.........##@#
..........%.##o#
.......o((K..oo#
.........##.##.##
....#######.....#
... #.....# .
#.....#######
##..........#
##.!.......#


You could see an orc wizard, an adder and 2 orcs.

Vanquished Creatures
  7 gnolls
  An adder (D:2)
  An ooze (D:1)
  A dart slug (D:1)
  2 worms
  A leopard gecko (D:2)
  2 orcs (D:3)
  4 bats
  A giant cockroach (D:1)
  4 goblins
  9 hobgoblins
  2 jackals
  7 kobolds
  A quokka (D:2)
  3 rats (D:2)
46 creatures vanquished.

Notes
Turn   | Place    | Note
-------+----------+-------------------------------------------
     0 | D:1      | Gospel the Mummy Wizard began the quest for the Orb.
     0 | D:1      | Reached XP level 1. HP: 13/13 MP: 5/5
   517 | D:1      | Reached skill level 1 in Conjurations
   734 | D:1      | Reached XP level 2. HP: 19/19 MP: 4/7
  1772 | D:2      | Reached skill level 5 in Spellcasting
  1772 | D:2      | Reached XP level 3. HP: 21/24 MP: 2/9
  2168 | D:2      | Learned a level 2 spell: Blink
  2172 | D:2      | Learned a level 3 spell: Conjure Flame
  2176 | D:2      | Learned a level 3 spell: Mephitic Cloud
  3058 | D:2      | Reached XP level 4. HP: 20/30 MP: 0/11
  3561 | D:3      | Reached skill level 1 in Fire Magic
  3564 | D:3      | Reached skill level 1 in Air Magic
  3564 | D:3      | Reached skill level 1 in Poison Magic
  3776 | D:3      | Killed from afar by an orc wizard

Vault maps used:
D:1:      matt_arrival_spirals

Skill      XL: |  1  2  3  4 |
---------------+-------------+-----
Conjurations   | 1 2 |  2.1
Spellcasting   | 5 |  5.0
Fire Magic     | 1 |  1.0
Air Magic      | 1 |  1.1
Poison Magic   | 1 |  1.1
Fighting       | |  0.1
Polearms       | |  0.1
Dodging        | |  1.5
Stealth        | |  1.5
Summonings     | |  0.7
Translocations | |  0.7

Action                   |  1- 3 |  4- 6 || total
-------------------------+-------+-------++-------
Melee: Club              |    12 |       ||    12
       Unarmed           |     2 |       ||     2
       Dagger            |    47 |       ||    47
       Halberd           |       |    23 ||    23
Throw: Stone             |     6 |       ||     6
 Cast: Magic Dart        |    95 |    19 ||   114
       Mephitic Cloud    |     4 |     4 ||     8
       Conjure Flame     |     2 |     3 ||     5
  Use: Scroll            |     4 |     5 ||     9
 Stab: Sleeping          |     1 |       ||     1
       Confused          |     2 |     3 ||     5
Armor: Robe              |    18 |     2 ||    20
Dodge: Dodged            |    41 |    17 ||    58

Table legend:
 A = Spawn XP
 B = Non-spawn XP
 C = Spawn XP percentage of total XP
 D = Spawn monster count
 E = Non-spawn monster count
 F = Spawn count percentage of total count
 G = Total turns spent on level
                    A         B        C        D         E        F      G
               +---------+---------+-------+---------+---------+-------+---------
         Total |       0 |     181 |   0.0 |       0 |      46 |   0.0 |  3776
               +---------+---------+-------+---------+---------+-------+---------
           D:1 |       0 |      42 |   0.0 |       0 |      19 |   0.0 |  1840
           D:2 |       0 |      82 |   0.0 |       0 |      18 |   0.0 |  1713
           D:3 |       0 |      57 |   0.0 |       0 |       9 |   0.0 |   223
               +---------+---------+-------+---------+---------+-------+---------
